 Dungeon Crawl Stone Soup version 0.30-a0-219-gf2db51d15e (webtiles) character file.

Game seed: 15800616912196413851

121 KarmaKiller the Trooper (level 5, 0/33 HPs)
             Began as a Gargoyle Monk on Oct 5, 2022.
             Slain by a gnoll
             ... wielding a +0 club
             ... led by a gnoll bouda
              (2 damage)
             ... on level 4 of the Dungeon on Oct 7, 2022.
             The game lasted 00:27:18 (3866 turns).

KarmaKiller the Trooper (Gargoyle Monk)             Turns: 3866, Time: 00:27:18

Health: 0/33       AC: 19    Str: 14    XL:     5   Next: 5%
Magic:  5/5        EV:  7    Int: 11    God:
Gold:   182        SH:  0    Dex: 14    Spells: 4/4 levels left

rFire   . . .      SeeInvis .    f - +0 dagger (freeze)
rCold   . . .      Faith    .    (no shield)
rNeg    + . .      Spirit   .    d - +0 chain mail
rPois   ∞          Reflect  .    (no helmet)
rElec   +          Harm     .    l - +0 cloak
rCorr   .          Rampage  .    B - +0 pair of gloves
Will    +....                    (no boots)
Stlth   ..........               (no amulet)
HPRegen 0.25/turn                u - ring of willpower
MPRegen 0.09/turn                s - +4 ring of protection

@: mighty, brilliant
A: sickness immunity, AC +4, negative energy resistance 1, electricity
resistance, torment resistance 1, petrification resistance
a: no special abilities


You were on level 4 of the Dungeon.
You visited 2 branches of the dungeon, and saw 5 of its levels.

You collected 182 gold pieces.

Inventory:

Hand Weapons
 f - a +0 dagger of freezing (weapon)
 p - a +0 sling
 t - a +0 war axe
 w - a +0 dagger of speed
Missiles
 x - 3 stones (quivered)
 y - 5 large rocks
 A - 6 boomerangs
 C - 3 poisoned darts
Armour
 a - a +0 robe
 d - a +0 chain mail (worn)
 l - a +0 cloak (worn)
 B - a +0 pair of gloves (worn)
Jewellery
 r - a ring of wizardry
 s - a +4 ring of protection (right hand)
 u - a ring of willpower (left hand)
Scrolls
 e - 3 scrolls of teleportation {unknown}
 h - 3 scrolls of identify {unknown}
 i - 4 scrolls of fog {unknown}
 j - a scroll of immolation {unknown}
 k - 2 scrolls of fear {unknown}
 m - a scroll of vulnerability {unknown}
 n - 4 scrolls of noise {unknown}
 o - 2 scrolls of magic mapping {unknown}
Potions
 c - a potion of attraction {unknown}
 q - 2 potions of curing {unknown}
 v - 2 potions of berserk rage {unknown}
 z - a potion of magic {unknown}


   Skills:
 + Level 4.1 Fighting
 + Level 1.3 Short Blades
 + Level 2.5 Armour
 + Level 2.8 Dodging
 + Level 2.4 Stealth
 + Level 3.2 Unarmed Combat


You had 4 spell levels left.
You didn't know any spells.
Your spell library contained the following spells:

 Spells                   Type           Power      Damage    Failure   Level
 Slow                     Hex            0%         N/A       100%        1
 Confusing Touch          Hex            0%         N/A       100%        3
 Hailstorm                Conj/Ice       0%         3d3       100%        3
 Vampiric Draining        Necr           0%         2d6       100%        3
 Ice Form                 Ice/Tmut       0%         N/A       100%        4
 Simulacrum               Ice/Necr       0%         N/A       100%        6


Dungeon Overview and Level Annotations

Branches:
Dungeon (4/15)             Temple (1/1) D:4

Altars:
Cheibriados
Dithmenos
Elyvilon
Fedhas
Gozag
Hepliaklqana
Kikubaaqudgha
Makhleb
Nemelex Xobeh
Qazlal
Uskayaw
Vehumet
Wu Jian
Xom
Zin
The Shining One


Innate Abilities, Weirdness & Mutations

You are immune to sickness and miasma.
Your stone body is resilient. (AC +4)
You are immune to poison.
You resist negative energy. (rN+)
You are resistant to electric shocks. (rElec)
You are resistant to unholy torment.
You are immune to petrification.


Message History

You hit the gnoll bouda but do no damage.
The gnoll bouda is severely wounded.
The gnoll bouda hits you with a +0 club.
You hit the gnoll bouda but do no damage.
The gnoll bouda is severely wounded.
The gnoll bouda hits you with a +0 club!
You hit the gnoll bouda but do no damage.
The gnoll bouda is severely wounded.
The gnoll is no longer moving quickly.
The gnoll bouda hits you with a +0 club!
You hit the gnoll bouda. You freeze the gnoll bouda.
The gnoll bouda is almost dead.
The gnoll bouda barely misses you.
You hit the gnoll bouda. You freeze the gnoll bouda.
You kill the gnoll bouda!
The gnoll is no longer moving quickly.
You have reached level 5!
You hit the gnoll. You freeze the gnoll.
The gnoll is moderately wounded.
The gnoll is no longer moving quickly.
The gnoll hits you but does no damage.
You barely miss the gnoll.
The gnoll is lightly wounded.
The gnoll barely misses you. x2
You hit the gnoll. You freeze the gnoll.
The gnoll is heavily wounded.
The gnoll hits you from afar with a +0 halberd.
* * * LOW HITPOINT WARNING * * *
The gnoll hits you but does no damage.
It was a potion of brilliance.
You feel clever all of a sudden.
The gnoll hits you but does no damage. x2
You hit the gnoll. You freeze the gnoll.
The gnoll is severely wounded.
The gnoll hits you from afar with a +0 halberd.
* * * LOW HITPOINT WARNING * * *
The gnoll hits you but does no damage.
It was a potion of might.
You feel very mighty all of a sudden. The gnoll hits you but does no damage.
The gnoll hits you with a +0 club.
You die...

... .g. #'#
###.##### #.......#
#.#.###.###
#..........
#.########.....#.###
#....@ggg.....##.#
#########........#
#....##### ####.#
#.# #.# #######.##
#........#
##########.#####..#


You could see 3 gnolls.

Vanquished Creatures
  A gnoll bouda (D:4)
  An orc wizard (D:3)
  11 orcs
  5 ball pythons
  6 endoplasms
  3 goblins
  4 hobgoblins
  3 jackals (D:3)
  4 quokkas
  3 bats
  3 frilled lizards
  6 kobolds
  4 rats
54 creatures vanquished.

Notes
Turn   | Place    | Note
-------+----------+-------------------------------------------
     0 | D:1      | KarmaKiller the Gargoyle Monk began the quest for the Orb.
     0 | D:1      | Reached XP level 1. HP: 14/14 MP: 1/1
   268 | D:1      | Reached XP level 2. HP: 19/19 MP: 2/2
   939 | D:2      | Found a faded altar of an unknown god.
  1010 | D:2      | Found a stormy altar of Qazlal.
  1251 | D:2      | Upgraded the game from 0.30-a0-218-gedb9141078 to
                  | 0.30-a0-219-gf2db51d15e
  1666 | D:3      | Reached XP level 3. HP: 24/24 MP: 3/3
  1956 | D:3      | Found an ornate altar of the Wu Jian Council.
  2047 | D:3      | Reached skill level 4 in Fighting
  2386 | D:3      | Found a radiant altar of Vehumet.
  2388 | D:3      | Found an ancient bone altar of Kikubaaqudgha.
  2388 | D:3      | Found a sparkling altar of Nemelex Xobeh.
  2394 | D:3      | Found a glowing golden altar of the Shining One.
  2442 | D:3      | Reached skill level 1 in Armour
  2792 | D:3      | Reached XP level 4. HP: 23/29 MP: 4/4
  2803 | D:3      | Reached skill level 1 in Short Blades
  3512 | D:4      | Found a staircase to the Ecumenical Temple.
  3518 | Temple   | Entered the Ecumenical Temple
  3861 | D:4      | Reached XP level 5. HP: 11/33 MP: 5/5
  3866 | D:4      | Slain by a gnoll

Illustrated notes

Levels and vault maps discovered:
D:1:      dpeg_arrival_pond, layout_basic, minmay_quantized
D:2:      layout_loops_ring, dreamdust_ecumenical_altar_hidden_monk_grotto,
          basic_altar
D:3:      layout_basic, grunt_temple_overflow_open,
          mainiacjoe_overflow_24_doors, minmay_pentomino_pile
D:4:      layout_loops_corners, marbit_many_paths,
          minmay_temple_entry_statues_fountains, hex_tiny
Temple:   nicolae_temple_ecumenical_triangle

Skill      XL: |  1  2  3  4 |
---------------+-------------+-----
Fighting       | 4 |  4.1
Armour         | 1 2 |  2.5
Short Blades   | 1 |  1.3
Dodging        | |  2.8
Stealth        | |  2.4
Unarmed Combat | |  3.2

Action                   |  1- 3 |  4- 6 || total
-------------------------+-------+-------++-------
Melee: Unarmed           |    14 |       ||    14
       Dagger            |   154 |    93 ||   247
       Punch             |     5 |     5 ||    10
Throw: Stone             |     6 |       ||     6
  Use: Potion            |       |     3 ||     3
Armor: Chain mail        |   146 |    48 ||   194
Dodge: Dodged            |    64 |    29 ||    93

Table legend: (Time is in decaauts)
 A = Elapsed time spent in this place.
 B = Non-inter-level travel time spent in this place.
 C = Inter-level travel time spent in this place.
 D = Time resting spent in this place.
 E = Time spent auto-exploring this place.
 F = Levels seen in this place.
 G = Mean time per level.
                   A        B        C        D        E       F      G
               +--------+--------+--------+--------+--------+-----+--------+
         Total |   3857 |   3857 |      0 |    114 |      0 |   5 |  771.4 |
       Dungeon |   3807 |   3807 |      0 |    114 |      0 |   4 |  951.8 |
        Temple |     49 |     49 |      0 |      0 |      0 |   1 |   49.0 |
               +--------+--------+--------+--------+--------+-----+--------+

Top non-repeatable levels by time:
     D:3: 1764 daAuts
     D:1: 903 daAuts
     D:2: 748 daAuts
     D:4: 391 daAuts
  Temple: 49 daAuts
